 Dungeon Crawl Stone Soup version 0.27-a0-401-gea03ee85fd (webtiles) character file.

Game seed: 7931372003218258648

9734 racehazard the Cleaver (level 11, -6/99 HPs)
             Began as a Hill Orc Berserker on Feb 21, 2021.
             Was a High Priest of Trog.
             Mangled by a catoblepas (8 damage)
             ... while petrified by a catoblepas
             ... on level 11 of the Dungeon.
             The game lasted 00:28:36 (13897 turns).

racehazard the Cleaver (Hill Orc Berserker)        Turns: 13897, Time: 00:28:37

Health: -6/99      AC: 23    Str: 23    XL:     11   Next: 51%
Magic:  11/11      EV:  2    Int:  7    God:    Trog [*****.]
Gold:   78         SH:  0    Dex:  9    Spells: 10/10 levels left

rFire    . . .     SeeInvis +   C - +10 hand axe of the Whelk {holy, rPois Dex-2 SInv}
rCold    . . .     Faith    .   w - +0 kite shield
rNeg     + + +     Spirit   .   O - +4 plate armour
rPois    ∞         Reflect  .   (no helmet)
rElec    .         Harm     .   (no cloak)
rCorr    .         Rampage  .   n - +0 pair of gloves
Will     .....                  y - +2 pair of boots
Stlth    ..........             (no amulet)
HPRegen  0.26/turn              q - +4 ring of evasion
MPRegen  0.12/turn              g - +4 ring of evasion

@: petrified
A: no striking features
a: Renounce Religion, Berserk, Trog's Hand, Brothers in Arms


You were on level 11 of the Dungeon.
You worshipped Trog.
Trog was extremely pleased with you.
You visited 1 branch of the dungeon, and saw 11 of its levels.

You collected 654 gold pieces.
You spent 576 gold pieces at shops.

Inventory:

Hand Weapons
 C - the +10 hand axe of the Whelk (weapon) {holy, rPois Dex-2 SInv}
   (You found it on level 6 of the Dungeon)

   It has been blessed by the Shining One to cause great damage to the undead
   and demons.
   It affects your dexterity (-2).
   It protects you from poison.
   It lets you see invisible.
Armour
 n - a +0 pair of gloves (worn)
 w - a +0 kite shield (worn)
 y - a +2 pair of boots (worn)
 O - a +4 plate armour (worn)
Jewellery
 g - a +4 ring of evasion (right hand)
 l - an amulet of magic regeneration {unknown}
 o - a ring of see invisible
 q - a +4 ring of evasion (left hand)
 D - a ring of willpower
 M - a ring of magical power
 Z - an amulet of the acrobat {unknown}
Wands
 i - a wand of flame (24)
 u - a wand of random effects (23)
 G - a wand of iceblast (27)
 S - a wand of paralysis (11)
 W - a wand of digging (5)
Scrolls
 d - 3 scrolls of blinking
 f - 3 scrolls of enchant weapon
 h - 6 scrolls of identify
 k - 2 scrolls of fear {unknown}
 s - 6 scrolls of amnesia
 F - a scroll of noise {unknown}
 H - 3 scrolls of teleportation {unknown}
 I - a scroll of holy word {unknown}
 J - a scroll of random uselessness {unknown}
 R - 2 scrolls of magic mapping {unknown}
 T - a scroll of fog {unknown}
 V - a scroll of immolation {unknown}
Potions
 c - 2 potions of brilliance {unknown}
 e - 3 potions of curing
 p - 2 potions of berserk rage {unknown}
 t - 3 potions of ambrosia {unknown}
 v - 2 potions of flight {unknown}
 z - a potion of might {unknown}
 A - 2 potions of degeneration {unknown}
 K - 3 potions of mutation {unknown}
 L - 2 potions of heal wounds {unknown}
 N - 2 potions of magic {unknown}
 Q - 3 potions of lignification {unknown}
 Y - a potion of cancellation {unknown}


   Skills:
 + Level 9.8 Fighting
 + Level 13.9 Axes
 + Level 9.8 Armour
 + Level 3.6 Dodging
 + Level 1.9 Stealth
 + Level 7.3 Shields


You had 10 spell levels left.
You didn't know any spells.
Your spell library was empty.

Dungeon Overview and Level Annotations

Branches:
Dungeon (11/15)            Temple (0/1) D:5            Lair (0/6) D:9
    Orc: D:9-12

Altars:
Fedhas
Kikubaaqudgha
Okawaru
Qazlal
Ru
Trog
Wu Jian
The Shining One
Lugonu

Shops:
D:10 =

Portals:
Abyss: D:5

Annotations:
D:5 Prince Ribbit
D:11 Fannar, Grum


Message History

You are engulfed in calcifying dust.
Fannar shouts!
The killer bee buzzes angrily.
You hear a howl!
A killer bee comes into view.
The killer bee stings you but does no damage. x2
A wolf comes into view.
Grum hits you from afar with a -1 glaive of venom.
* * * LOW HITPOINT WARNING * * *
You are engulfed in calcifying dust.
The killer bee buzzes angrily.
The killer bee barely misses you.
The killer bee stings you but does no damage.
The catoblepas gores you but does no damage.
A hound skeleton comes into view.
The killer bee stings you but does no damage.
The wolf bites you but does no damage. Grum hits you but does no damage.
Fannar gestures wildly while chanting.
The killer bee is engulfed in calcifying dust.
The killer bee is moving more slowly.
The killer bee stings you but does no damage.
The killer bee stings you.
* * * LOW HITPOINT WARNING * * *
The catoblepas gores you!
* * * LOW HITPOINT WARNING * * *
The wolf bites you but does no damage.
The killer bee is engulfed in calcifying dust.
The killer bee stops moving altogether!
The killer bee barely misses you.
The killer bee is engulfed in calcifying dust.
Grum hits you but does no damage.
The killer bee stings you but does no damage. x2
The catoblepas gores you!
* * * LOW HITPOINT WARNING * * *
The wolf is engulfed in calcifying dust.
The wolf is moving more slowly.
The wolf barely misses you.
The killer bee is engulfed in calcifying dust.
The killer bee stings you but does no damage. x2
The wolf is engulfed in calcifying dust.
The wolf stops moving altogether!
The wolf bites you but does no damage.
The killer bee is engulfed in calcifying dust.
The catoblepas gores you!
You die...

$≈≈###≈≈..#......#
≈..≈.≈..≈[#......###
≈.......≈##.........
#≈.≈≈≈.≈##.......#
+..≈<≈...........#
#≈.≈≈≈.≈##.<.....#
≈.......≈##.§....#
≈..≈.≈..≈.#..y...#
.≈≈###≈≈$.#.yY@h>#
.. ##...#.gyhy.# #
#####Y.h...#
..e.....#
....Z.....#
...........
.#########.. ..#


You could see Fannar (icy armour), a catoblepas, Grum, an ice beast (summoned),
3 wolves, 4 killer bees and a hound skeleton.

Vanquished Creatures
  Erolcha (D:9)
  Harold (D:7)
  Erica (D:9)
  3 two-headed ogres
  Maurice (D:8)
  2 trolls (D:9)
  Sigmund (D:2)
  A vampire (D:8)
  A shadow (D:8)
  A wyvern (D:8)
  A wraith (D:10)
  Duvessa (D:6)
  4 ice beasts
  2 sky beasts
  3 orc warriors
  A black bear (D:10)
  4 ogres
  6 centaurs
  3 phantoms (D:4)
  8 bullfrogs
  4 scorpions
  Dowan (D:6)
  4 wights (D:9)
  4 killer bees (D:10)
  A bullfrog zombie (D:5)
  A centaur zombie (D:10)
  2 hounds (D:4)
  A jelly (D:11)
  A centaur skeleton (D:9)
  2 gnoll shamans
  An orc priest (D:5)
  A bullfrog skeleton (D:7)
  Terence (D:2)
  5 orc wizards
  Natasha (thrice) (D:2)
  4 iguanas
  7 worker ants
  A hound skeleton (D:9)
  A worker ant zombie (D:9)
  16 gnolls
  5 adders
  2 shadow imps
  A white imp (D:5)
  An ooze (D:1)
  3 adder skeletons
  A dart slug (D:4)
  8 leopard geckos
  31 orcs
  3 ball pythons
  4 bats
  5 giant cockroaches
  7 goblins
  6 hobgoblins
  12 jackals
  14 kobolds
  A quokka (D:5)
  4 frilled lizards
  A jackal skeleton (D:4)
  A quokka skeleton (D:4)
  7 rats
  8 bushes (D:7)
232 creatures vanquished.

Vanquished Creatures (others)
  2 lurking horrors (D:5)
  5 plants
7 creatures vanquished.

Grand Total: 239 creatures vanquished

Notes
Turn   | Place    | Note
-------+----------+-------------------------------------------
     0 | D:1      | racehazard the Hill Orc Berserker began the quest for the
                  | Orb.
     0 | D:1      | Reached XP level 1. HP: 19/19 MP: 1/1
   227 | D:1      | Reached XP level 2. HP: 23/27 MP: 2/2
   575 | D:1      | Reached XP level 3. HP: 10/33 MP: 3/3
  2163 | D:2      | Noticed Terence
  2181 | D:2      | Killed Terence
  2182 | D:2      | Reached skill level 5 in Axes
  2182 | D:2      | Reached XP level 4. HP: 6/41 MP: 4/4
  2541 | D:2      | Noticed Natasha
  2545 | D:2      | Killed Natasha
  2774 | D:2      | Noticed Natasha
  2790 | D:2      | Killed Natasha
  2791 | D:2      | Reached XP level 5. HP: 29/47 MP: 5/5
  2958 | D:2      | Noticed Sigmund
  2978 | D:2      | Killed Sigmund
  2979 | D:2      | Reached skill level 5 in Fighting
  2979 | D:2      | Reached skill level 6 in Axes
  2979 | D:2      | Reached XP level 6. HP: 36/56 MP: 6/6
  3246 | D:2      | Reached skill level 1 in Stealth
  3295 | D:2      | Noticed Natasha
  3306 | D:2      | Killed Natasha
  3475 | D:2      | Found an ornate altar of the Wu Jian Council.
  4149 | D:3      | Reached ** piety under Trog
  4226 | D:3      | Found a glowing golden altar of the Shining One.
  4256 | D:3      | Reached skill level 7 in Axes
  4774 | D:4      | Reached XP level 7. HP: 57/62 MP: 7/7
  4891 | D:4      | Found a sacrificial altar of Ru.
  5204 | D:4      | Reached skill level 8 in Axes
  5822 | D:4      | Found a stormy altar of Qazlal.
  5824 | D:4      | Found an iron altar of Okawaru.
  5856 | D:4      | Reached XP level 8. HP: 57/70 MP: 8/8
  5961 | D:4      | Reached skill level 9 in Axes
  6216 | D:5      | Entered Level 5 of the Dungeon
  6317 | D:5      | Found a staircase to the Ecumenical Temple.
  6731 | D:5      | Reached skill level 1 in Shields
  6815 | D:5      | Reached *** piety under Trog
  6954 | D:5      | Found a one-way gate to the infinite horrors of the Abyss.
  7200 | D:6      | Noticed Prince Ribbit
  7652 | D:6      | Noticed Dowan
  7685 | D:6      | Killed Dowan
  7799 | D:6      | Noticed Duvessa
  7836 | D:6      | Killed Duvessa
  8034 | D:6      | Got a bloodstained hand axe
  8035 | D:6      | Identified the +10 hand axe of the Whelk {holy, rPois Dex-2
                  | SInv} (You found it on level 6 of the Dungeon)
  8378 | D:6      | Found a bloodstained altar of Trog.
  8484 | D:5      | Found a corrupted altar of Lugonu.
  8740 | D:7      | Reached skill level 5 in Armour
  8758 | D:7      | Reached skill level 10 in Axes
  8824 | D:7      | Reached XP level 9. HP: 75/78 MP: 9/9
  9273 | D:7      | Noticed Harold
  9291 | D:7      | Killed Harold
  9292 | D:7      | Reached skill level 11 in Axes
 10031 | D:8      | Noticed Maurice
 10056 | D:8      | Killed Maurice
 10195 | D:8      | Reached XP level 10. HP: 58/86 MP: 10/10
 10197 | D:8      | Reached skill level 12 in Axes
 10764 | D:8      | Reached **** piety under Trog
 10767 | D:8      | Reached skill level 5 in Shields
 11185 | D:9      | Found a blossoming altar of Fedhas.
 11185 | D:9      | Found an ancient bone altar of Kikubaaqudgha.
 11200 | D:9      | Noticed Erolcha
 11223 | D:9      | Killed Erolcha
 11756 | D:9      | Noticed a two-headed ogre
 11769 | D:9      | Killed a two-headed ogre
 11999 | D:9      | Reached skill level 13 in Axes
 12197 | D:9      | Reached XP level 11. HP: 73/95 MP: 11/11
 12360 | D:9      | Found a staircase to the Lair.
 12575 | D:9      | Noticed Erica
 12601 | D:9      | Killed Erica
 12807 | D:10     | Entered Level 10 of the Dungeon
 12833 | D:10     | Noticed a two-headed ogre
 12851 | D:10     | Killed a two-headed ogre
 13014 | D:10     | Noticed a two-headed ogre
 13028 | D:10     | Killed a two-headed ogre
 13144 | D:10     | Reached ***** piety under Trog
 13483 | D:10     | Found Xekh's Jewellery Emporium.
 13518 | D:10     | Bought a +4 ring of evasion for 576 gold pieces
 13839 | D:11     | Noticed a catoblepas
 13890 | D:11     | Noticed Grum
 13892 | D:11     | Noticed Fannar
 13896 | D:11     | HP: 2/99 [catoblepas (7)]
 13897 | D:11     | Mangled by a catoblepas

Illustrated notes

Levels and vault maps discovered:
D:1:      onia_arrival_handbag, layout_loops_corners, serial_forest,
          infiniplex_forest_corner_1, infiniplex_forest_side_room,
          infiniplex_forest_clump_small, infiniplex_forest_clump_long,
          infiniplex_forest_straight_4, infiniplex_forest_clump_diagonal,
          infiniplex_forest_side_room, infiniplex_forest_clump_double,
          infiniplex_forest_straight_4
D:2:      layout_basic, lemuel_crystal_altar, uniq_terence, uniq_sigmund,
          uniq_natasha
D:3:      layout_basic, nicolae_tso_carved_into_rock
D:4:      layout_loops_cross, nicolae_overflow_hidden_temple
D:5:      layout_basic, minmay_temple_entry_glass,
          amcnicky_altar_lugonu_corruption
D:6:      layout_rooms, lightli_temple_of_fire, serial_bayou_ford_a,
          uniq_duvessa, uniq_prince_ribbit1
D:7:      layout_basic, minmay_hedge_maze, uniq_harold
D:8:      layout_basic, uniq_maurice
D:9:      layout_basic, grunt_temple_overflow_growth_and_decay,
          lair_entry_dummy, uniq_erica, uniq_erolcha
D:10:     layout_roguey, serial_shops, nicolae_shop_stone
D:11:     nzn_motion_control, layout_irregular_city, david_orc_2, serial_shops,
          nicolae_shop_waterfront, uniq_fannar, uniq_grum

Skill      XL: |  1  2  3  4  5  6  7  8  9 10 11 |
---------------+----------------------------------+-----
Fighting       | 4 5 6 7 8 9 |  9.8
Axes           | 5 6 7 8 10 11 13 | 13.9
Dodging        | 2 3 |  3.6
Stealth        | 1 |  1.9
Armour         | 3 5 7 9 |  9.8
Shields        | 2 4 6 7 |  7.3

Action                   |  1- 3 |  4- 6 |  7- 9 | 10-12 || total
-------------------------+-------+-------+-------+-------++-------
Melee: Hand axe          |   113 |   149 |   497 |   294 ||  1053
Invok: Berserk           |       |     1 |     1 |       ||     2
  Use: Potion            |       |       |     1 |       ||     1
       Scroll            |       |       |       |     9 ||     9
Armor: Animal skin       |    23 |     2 |       |       ||    25
       Chain mail        |       |    42 |   129 |    12 ||   183
       Plate armour      |       |       |       |   118 ||   118
Dodge: Dodged            |    73 |    80 |   140 |    72 ||   365
Block: Kite shield       |       |       |   108 |   102 ||   210

Table legend: (Time is in decaauts)
 A = Elapsed time spent in this place.
 B = Non-inter-level travel time spent in this place.
 C = Inter-level travel time spent in this place.
 D = Time resting spent in this place.
 E = Time spent auto-exploring this place.
 F = Levels seen in this place.
 G = Mean time per level.
                   A        B        C        D        E       F      G
               +--------+--------+--------+--------+--------+-----+--------+
         Total |  13904 |  13854 |     50 |   2178 |   8329 |  11 | 1264.0 |
       Dungeon |  13904 |  13854 |     50 |   2178 |   8329 |  11 | 1264.0 |
               +--------+--------+--------+--------+--------+-----+--------+

Top non-repeatable levels by time:
     D:1: 1887 daAuts
     D:2: 1835 daAuts
     D:9: 1712 daAuts
     D:4: 1548 daAuts
     D:6: 1477 daAuts
     D:8: 1182 daAuts
     D:7: 1158 daAuts
     D:5: 1057 daAuts
    D:10: 984 daAuts
     D:3: 975 daAuts
    D:11: 86 daAuts
